 Dungeon Sprint DCSS version 0.30.1-4-g462c640d31 (webtiles) character file.

Game seed: 17888188428914327504

459 Heoruswealwe the Thaumaturge (level 6, -2/32 HPs)
             Began as a Deep Elf Conjurer on Sept 18, 2023.
             Was a Believer of Vehumet.
             Killed from afar by a deep elf knight (22 damage)
             ... with a lance of force
             ... in the Dungeon (Sprint V: "Ziggurat Sprint").
             The game lasted 00:09:45 (317 turns).

Heoruswealwe the Thaumaturge (Deep Elf Conjurer)     Turns: 317, Time: 00:09:46

Health: -2/32      AC:  2    Str:  4    XL:     6   Next: 78%
Magic:  16/24      EV: 12    Int: 37    God:    Vehumet [**....]
Gold:   0          SH:  0    Dex: 13    Spells: 16/32 levels left

rFire   . . .        b - +27 heavy crossbow "Sniper" {heavy, Acc+∞ SInv}
rCold   . . .        (shield currently unavailable)
rNeg    . . .        c - +0 robe
rPois   .            (no helmet)
rElec   .            (no cloak)
rCorr   .            (no gloves)
SInv    +            (no boots)
Will    .....        (no amulet)
Stlth   ++           k - +6 ring of intelligence
HPRegen 0.25/turn    j - +6 ring of intelligence
MPRegen 0.19/turn

%: no teleportation
@: no status effects
A: no striking features
a: Renounce Religion


You were in the Dungeon.
You worshipped Vehumet.
Vehumet was pleased with you.
You visited 1 branch

Inventory:

Hand Weapons
 a - the +11 Singing Sword {sonic wave}
   (You found it in the Dungeon)
 b - the +27 heavy crossbow "Sniper" (weapon) {heavy, Acc+∞ SInv}
   (You found it in the Dungeon)

   Acc+∞: It never misses its target.
   SInv:      It lets you see invisible.
Armour
 c - a +0 robe (worn)
Jewellery
 j - a +6 ring of intelligence (right hand)
 k - a +6 ring of intelligence (left hand)
 t - a ring of flight
Wands
 q - a wand of mindburst (22)
 r - a wand of iceblast (12)
 s - a wand of quicksilver (7)
Scrolls
 g - 4 scrolls of blinking
 m - 4 scrolls of amnesia
 o - a scroll of brand weapon
Potions
 d - 6 potions of heal wounds
 e - 6 potions of haste
 f - 10 potions of curing
 h - 2 potions of brilliance
 i - 2 potions of invisibility
 l - 5 potions of might
 w - 4 potions of resistance
 x - 8 potions of magic
Miscellaneous
 n - a phial of floods


   Skills:
 - Level 2.4 Dodging
 - Level 2.4 Stealth
 + Level 13.9 Spellcasting
 + Level 12.3 Conjurations


You had 16 spell levels left.
You knew the following spells:

 Your Spells              Type           Power      Damage    Failure   Level
a - Magic Dart            Conj           100%       1d8       0%          1
b - Shock                 Conj/Air       100%       1d9       1%          1
c - Foxfire               Conj/Fire      100%       2x1d9     1%          1
d - Searing Ray           Conj           100%       2d8       0%          2
e - Dazzling Flash        Conj/Hex       100%       N/A       1%          3
f - Fulminant Prism       Conj/Hex       31%        3d15      1%          4
g - Iskenderun's Mystic   Conj/Tloc      63%        2d13      1%          4

Your spell library contained the following spells:

 Spells                   Type           Power      Damage    Failure   Level
 Inner Flame              Hex/Fire       25%        N/A       4%          3
 Summon Ice Beast         Ice/Summ       25%        N/A       14%         4
 Summon Forest            Summ/Tloc      12%        N/A       38%         5
 Summon Mana Viper        Hex/Summ       25%        N/A       38%         5
 Summon Cactus Giant      Summ           12%        N/A       92%         6


Dungeon Overview and Level Annotations

Branches:
Dungeon (1/1)

Altars:
Ashenzari
Cheibriados
Dithmenos
Elyvilon
Fedhas
Gozag
Hepliaklqana
Kikubaaqudgha
Makhleb
Nemelex Xobeh
Okawaru
Qazlal
Ru
Sif Muna
Trog
Uskayaw
Vehumet
Wu Jian
Xom
Yredelemnul
Zin
The Shining One
Jiyva
Lugonu

Annotations:
D 1 transporter


Message History

You enter the transporter and appear at another place.
A deep elf knight, a +0 long sword of electrocution and 2 deep elf archers come into view.
The deep elf archer shouts! x2
The deep elf archer unwields a +0 short sword.
The deep elf archer wields a +0 shortbow.
The deep elf archer shoots an arrow.
The arrow hits you!
Ouch! That really hurt!
The deep elf knight shouts!
Found four items.
Found a transporter.
You feel much better.
Casting: Iskenderun's Mystic Blast (dangerous; 1% risk of failure)
Confirm with . or Enter, or press ? or * to list all spells.
You erupt in a blast of force!
The mystic blast hits the deep elf archer!
The deep elf archer is moderately wounded.
The deep elf archer is knocked back by the mystic blast.
The deep elf archer collides with the deep elf knight!
The deep elf knight is moderately wounded.
The deep elf archer is moderately wounded.
Casting: Iskenderun's Mystic Blast (dangerous; 1% risk of failure)
Confirm with . or Enter, or press ? or * to list all spells.
You erupt in a blast of force!
The mystic blast hits the deep elf knight.
The deep elf knight is moderately wounded.
The deep elf knight is knocked back by the mystic blast.
The deep elf knight collides with the deep elf archer!
The deep elf archer is heavily wounded.
The deep elf knight is heavily wounded.
The mystic blast hits the +0 long sword of electrocution!
The +0 long sword of electrocution is heavily damaged.
The +0 long sword of electrocution is knocked back by the mystic blast.
The deep elf archer shoots an arrow.
The arrow hits you!!
Ouch! That really hurt!
* * * LOW HITPOINT WARNING * * *
The deep elf archer casts a spell.
The deep elf archer blinks!
You feel much better.
The deep elf knight casts a spell at you.
The lance of force hits you!!
Ouch! That really hurt!
You die...

▓..©..▓..©..▓▓▓▓▓▓▓
▓▓▓▓▓▓▓▓▓▓▓▓▓▓
▓..8©8...▓
▓..|)/...▓
▓(../....▓
▓...§....▓
.eee....▓
▓.▓....▓.▓
▓...@....▓
▓▓▓▓▓▓▓▓▓▓


You could see 2 deep elf archers, a deep elf knight and a +0 long sword of
electrocution.

Vanquished Creatures
  A yak (D)
  A black bear (D)
  2 wolves (D)
  An iguana (D)
  2 adders (D)
  2 ball pythons (D)
9 creatures vanquished.

Vanquished Creatures (others)
  2 fulminant prisms (D)
2 creatures vanquished.

Grand Total: 11 creatures vanquished

Notes
Turn   | Place    | Note
-------+----------+-------------------------------------------
     0 | D        | Heoruswealwe the Deep Elf Conjurer began the quest for the
                  | Orb.
     0 | D        | Reached XP level 1. HP: 10/10 MP: 6/6
     0 | D        | Found a shimmering blue altar of Sif Muna.
     0 | D        | Found a sacrificial altar of Ru.
     0 | D        | Found a bloodstained altar of Trog.
     0 | D        | Found a stormy altar of Qazlal.
     0 | D        | Found an iron altar of Okawaru.
     0 | D        | Found a sparkling altar of Nemelex Xobeh.
     0 | D        | Found a blossoming altar of Fedhas.
     0 | D        | Found the +6 Majin-Bo {spellvamp, MP+6 Int+6}
     0 | D        | Found the +27 heavy crossbow "Sniper" {heavy, Acc+∞ SInv}
     0 | D        | Found the +10 dark maul {heavy}
     0 | D        | Found the +15 Maxwell's patent armour {-Cast -Tele rElec
                  | Will+ rCorr}
     0 | D        | Found the +18 shield of the Gong {Loud rN+ Will+ rCorr
                  | EV-5}
     0 | D        | Found the +16 obsidian axe {drain, demonic, Mesm Drain Fly
                  | SInv}
     0 | D        | Found the +7 great mace "Firestarter" {flame, immolate,
                  | rFlCloud rF++}
     0 | D        | Found the +6 shillelagh "Devastator" {shatter}
     0 | D        | Found the +11 plutonium sword {Contam Stlth-}
     0 | D        | Found the +8 lance "Wyrmbane" {slay drac, rPois rF+ rC+
                  | AC+3}
     0 | D        | Found the +9 sword of Zonguldrok {reap}
     0 | D        | Found the +13 scythe of Curses {drain, curses, Drain}
     0 | D        | Found the +9 sword of Power {lifebolt}
     0 | D        | Found the +7 mace of Variability {chaos, chaos arc}
     0 | D        | Found the +11 Singing Sword {sonic wave}
     0 | D        | Found the +8 storm bow {elec, penet}
     2 | D        | Found a transporter.
     2 | D        | Found an ancient bone altar of Kikubaaqudgha.
     2 | D        | Found a viscous altar of Jiyva.
     2 | D        | Found a corrupted altar of Lugonu.
     2 | D        | Found a hazy altar of Hepliaklqana.
     2 | D        | Found a burning altar of Makhleb.
     2 | D        | Found an opulent altar of Gozag.
    51 | D        | Became a worshipper of Vehumet
    58 | D        | Reached skill level 7 in Spellcasting
    58 | D        | Reached XP level 2. HP: 15/15 MP: 6/12
    62 | D        | Learned a level 2 spell: Searing Ray
   150 | D        | Entered arena 2.
   150 | D        | Noticed a yak
   150 | D        | Found a transporter.
   153 | D        | Killed a yak
   154 | D        | Reached skill level 11 in Spellcasting
   154 | D        | Reached skill level 10 in Conjurations
   154 | D        | Reached XP level 3. HP: 7/19 MP: 12/17
   154 | D        | Reached XP level 4. HP: 9/24 MP: 13/19
   154 | D        | Reached XP level 5. HP: 11/28 MP: 13/20
   195 | D        | Learned a level 3 spell: Dazzling Flash
   200 | D        | Learned a level 4 spell: Fulminant Prism
   205 | D        | Learned a level 4 spell: Iskenderun's Mystic Blast
   212 | D        | Entered arena 3.
   212 | D        | Noticed a black bear
   212 | D        | Noticed a wolf
   212 | D        | Noticed a wolf
   212 | D        | Found a transporter.
   215 | D        | Killed a wolf
   215 | D        | Reached * piety under Vehumet
   215 | D        | Offered knowledge of Shock by Vehumet.
   216 | D        | Reached skill level 12 in Spellcasting
   216 | D        | Killed a black bear
   216 | D        | Killed a wolf
   217 | D        | Reached skill level 13 in Spellcasting
   217 | D        | Reached XP level 6. HP: 22/32 MP: 10/24
   256 | D        | Learned a level 1 spell: Shock
   294 | D        | Entered arena 4.
   294 | D        | Found a transporter.
   296 | D        | Offered knowledge of Foxfire by Vehumet.
   296 | D        | Reached ** piety under Vehumet
   304 | D        | Got the Anthology of the Familiar Dragon
   313 | D        | Learned a level 1 spell: Foxfire
   313 | D        | Entered arena 5.
   313 | D        | Noticed a deep elf archer
   313 | D        | Noticed a deep elf knight
   313 | D        | Noticed a +0 long sword of electrocution
   313 | D        | Noticed a deep elf archer
   313 | D        | Found a transporter.
   317 | D        | Killed from afar by a deep elf knight

Illustrated notes

Levels and vault maps discovered:
D:        sprint_v [room_start, room_1, room_2, room_3, room_4, room_5, room_6,
          room_7, room_8, room_9, room_10, room_11, room_12, room_13, room_14,
          room_15, room_16, room_17, room_18, room_19, room_20, room_21,
          room_22, room_23, room_24, room_25, room_26, room_27]

Skill      XL: |  1  2  3  4  5 |
---------------+----------------+-----
Spellcasting   | 7 11 13 | 13.9
Conjurations   | 7 10 12 | 12.3
Dodging        | |  2.4
Stealth        | |  2.4

Action                     |  1- 3 |  4- 6 || total
---------------------------+-------+-------++-------
   Fire: Heavy crossbow    |     2 |     3 ||     5
   Cast: Fulminant Prism   |       |     2 ||     2
         Iskenderun's Myst |       |     4 ||     4
    Use: Potion            |     2 |     3 ||     5
 Armour: Robe              |     1 |     1 ||     2
  Dodge: Dodged            |     3 |     4 ||     7
